 Dungeon Crawl Stone Soup version 0.28.0-47-ge53b351184 (webtiles) character file.

Game seed: 5509152109202199075

364 Allula97 the Skirmisher (level 6, 0/48 HPs)
             Began as a Demonspawn Fighter on May 5, 2022.
             Killed from afar by an orc wizard (9 damage)
             ... with a magic dart
             ... on level 4 of the Dungeon.
             The game lasted 00:06:00 (3100 turns).

Allula97 the Skirmisher (Demonspawn Fighter)        Turns: 3100, Time: 00:06:01

Health: 0/48       AC:  5    Str: 16    XL:     6   Next: 39%
Magic:  6/6        EV: 11    Int:  9    God:
Gold:   186        SH:  5    Dex: 17    Spells: 5/5 levels left

rFire   . . .      SeeInvis .   b - +2 short sword (speed)
rCold   . . .      Faith    .   c - +0 buckler
rNeg    . . .      Spirit   .   j - +0 ring mail
rPois   .          Reflect  .   (no helmet)
rElec   .          Harm     .   (no cloak)
rCorr   .          Rampage  .   (no gloves)
Will    .....                   (no boots)
Stlth   +++.......              (no amulet)
HPRegen 0.16/turn               (no ring)
MPRegen 0.10/turn               (no ring)

@: no status effects
A: thin skeletal structure 1, foul stench 1, weakness stinger 1
a: no special abilities


You were on level 4 of the Dungeon.
You visited 1 branch of the dungeon, and saw 4 of its levels.

You collected 186 gold pieces.

Inventory:

Hand Weapons
 a - a +0 rapier
 b - a +2 short sword of speed (weapon)
Armour
 c - a +0 buckler (worn)
 j - a +0 ring mail (worn)
Scrolls
 e - a scroll of vulnerability
 f - 4 scrolls of teleportation
 i - a scroll of magic mapping {unknown}
 k - a scroll of fog
Potions
 g - a potion of resistance
 h - a potion of flight {unknown}
 o - a potion of heal wounds {unknown}
 p - a potion of berserk rage {unknown}


   Skills:
 * Level 3.8 Fighting
 * Level 3.8 Short Blades
 * Level 3.7 Armour
 * Level 1.8 Dodging
 * Level 2.4 Stealth
 + Level 2.9 Shields


You had 5 spell levels left.
You didn't know any spells.
Your spell library contained the following spells:

 Spells                   Type           Power      Damage    Failure   Level
 Shock                    Conj/Air       0%         1d3       69%         1
 Dazzling Flash           Conj/Hex       0%         N/A       96%         3
 Swiftness                Air            0%         N/A       96%         3
 Airstrike                Air            0%         N/A       100%        4
 Iskenderun's Mystic Bla  Conj/Tloc      0%         2d3       100%        4
 Starburst                Conj/Fire      0%         6d3       100%        6


Dungeon Overview and Level Annotations

Branches:
Dungeon (4/15)
 Temple: D:4-7

Altars:


Innate Abilities, Weirdness & Mutations

You have a somewhat thin skeletal structure. (Dex +2, Stealth+)
You may rarely emit foul miasma when damaged in melee.
You have a small tail.


Message History

The orc wizard is moderately wounded.
The orc wizard hits you with a +0 dagger.
* * * LOW HITPOINT WARNING * * *
You closely miss the orc wizard.
The orc wizard is moderately wounded.
You closely miss the orc wizard.
The orc wizard is moderately wounded.
The orc wizard hits you with a +0 dagger.
* * * LOW HITPOINT WARNING * * *
You hit the orc wizard.
The orc wizard is moderately wounded.
You block the orc wizard's attack.
You puncture the orc wizard!
The orc wizard is almost dead.
You hit the orc wizard.
You kill the orc wizard!
You hit the orc.
The orc is lightly wounded.
An orc wizard appears from thin air!
You closely miss the orc.
The orc is lightly wounded.
You hit the orc wizard but do no damage.
Your tail-slap misses the orc wizard.
You hit the orc wizard.
The orc wizard is lightly wounded.
You closely miss the orc wizard.
The orc wizard is lightly wounded.
The orc wizard hits you with a +0 dagger.
* * * LOW HITPOINT WARNING * * *
You barely miss the orc wizard. You tail-slap the orc wizard.
The orc wizard is moderately wounded.
The orc wizard gestures at you while chanting.
You resist with some effort.
You closely miss the orc wizard.
The orc wizard is moderately wounded.
You hit the orc wizard.
The orc wizard is heavily wounded.
The orc wizard casts a spell at you. The magic dart hits you!
You die...

#.# #.# #.# #.# #.# #.# #.# #.#
#.# #.# #.# #.# #.# #.# #.# #.#
#@# #.# #. ##### #o# ###.# #.
...# #o########...# ##.#
#.####...).......## #...#
#......#.....##..# .>...
#..##.###....##..#
....o######....## #.###[#..#####
...#.#.o.{o..##.###.# #..........
.............###.#..###....######


You could see an orc wizard and an orc.

Vanquished Creatures
  An ogre (D:4)
  The ghost of Allula97 the Sneak, an amateur DsBr (D:3)
  A scorpion (D:4)
  2 orc wizards (D:4)
  2 adders
  A dart slug (D:3)
  2 orcs
  8 ball pythons
  5 endoplasms
  A giant cockroach (D:2)
  3 goblins
  7 hobgoblins
  6 jackals (D:1)
  8 kobolds
  5 quokkas
  3 bats
  3 frilled lizards
  10 rats
69 creatures vanquished.

Notes
Turn   | Place    | Note
-------+----------+-------------------------------------------
     0 | D:1      | Allula97 the Demonspawn Fighter began the quest for the
                  | Orb.
     0 | D:1      | Reached XP level 1. HP: 18/18 MP: 1/1
   290 | D:1      | Gained mutation: You have a somewhat thin skeletal
                  | structure. (Dex +2, Stealth+) [demonic ancestry]
   290 | D:1      | Reached XP level 2. HP: 24/24 MP: 2/2
   904 | D:1      | Found a faded altar of an unknown god.
  1035 | D:1      | Reached XP level 3. HP: 19/29 MP: 3/3
  1583 | D:2      | Reached skill level 1 in Stealth
  1915 | D:3      | Noticed Allula97's ghost (amateur DsBr)
  1915 | D:3      | Found a runed translucent door.
  2072 | D:3      | Gained mutation: You have a small tail. [demonic ancestry]
  2072 | D:3      | Reached XP level 4. HP: 28/35 MP: 4/4
  2281 | D:3      | Reached skill level 1 in Dodging
  2625 | D:3      | Killed Allula97's ghost
  2626 | D:3      | Reached XP level 5. HP: 36/41 MP: 5/5
  2808 | D:4      | Noticed an ogre
  2819 | D:4      | Killed an ogre
  3082 | D:4      | Gained mutation: You may rarely emit foul miasma when
                  | damaged in melee. [demonic ancestry]
  3082 | D:4      | Reached XP level 6. HP: 4/48 MP: 6/6
  3100 | D:4      | Killed from afar by an orc wizard

Illustrated notes

Levels and vault maps discovered:
D:1:      wander_arrival_peaceful_grave, layout_loops_corners,
          shapermc_ecumenical_altar_pompeii
D:2:      layout_rooms
D:3:      layout_basic, hellmonk_ghost_happy_afterlife
D:4:      layout_loops_ring, tgw_trog, uniq_duvessa

Skill      XL: |  1  2  3  4  5 |
---------------+----------------+-----
Short Blades   | 2 3 |  3.8
Armour         | 3 |  3.7
Stealth        | 1 2 |  2.4
Dodging        | 1 |  1.8
Fighting       | |  3.8
Shields        | |  2.9

Action                   |  1- 3 |  4- 6 || total
-------------------------+-------+-------++-------
Melee: Rapier            |   101 |       ||   101
       Short sword       |    64 |    87 ||   151
       Tailslap          |       |    17 ||    17
  Use: Scroll            |       |     4 ||     4
       Potion            |       |     5 ||     5
 Stab: Sleeping          |     4 |     3 ||     7
Armor: Scale mail        |    38 |       ||    38
       Ring mail         |    24 |    17 ||    41
Dodge: Dodged            |    70 |    27 ||    97
Block: Buckler           |    49 |    13 ||    62
